 Dungeon Crawl Stone Soup version 0.19.0-16-g73b5abf (console) character file.

90 CALLOUS the Ducker (level 4, -8/27 HPs)
             Began as a Halfling Summoner on Nov 10, 2016.
             Mangled by Crazy Yiuf
             ... wielding a +4 quarterstaff of chaos
              (14 damage)
             ... on level 3 of the Dungeon.
             The game lasted 01:31:25 (4418 turns).

CALLOUS the Ducker (Halfling Summoner)              Turns: 4418, Time: 01:31:25

Health: -8/27      AC:  3    Str: 10    XL:     4   Next: 85%
Magic:  0/6        EV: 16    Int: 13    God:
Gold:   143        SH:  0    Dex: 14    Spells: 2 memorised, 3 levels left

rFire  . . .     SeeInvis .     b - +0 hunting sling
rCold  . . .     Gourm    .     H - +0 robe
rNeg   . . .     Faith    .     (shield restricted)
rPois  .         Spirit   .     (no helmet)
rElec  .         Reflect  .     (no cloak)
rCorr  .         Harm     .     w - +0 pair of gloves
MR     .....                    (no boots)
Stlth  ++........               (no amulet)
                                (no ring)
                                (no ring)

@: no status effects
A: mutation resistance 1
a: no special abilities


You were on level 3 of the Dungeon.
You were hungry.

You visited 1 branch of the dungeon, and saw 3 of its levels.

You collected 143 gold pieces.

Inventory:

Hand Weapons
 a - a +0 dagger
 b - a +0 hunting sling (weapon)
 K - a cursed -3 blowgun
Missiles
 d - 97 stones
 j - 50 bolts
 s - 25 sling bullets (quivered)
 v - 42 arrows
 y - 2 throwing nets
 z - 4 needles of confusion
 B - 2 tomahawks
 D - 9 poisoned needles
Armour
 w - a +0 pair of gloves (worn)
 H - a +0 robe (worn)
Jewellery
 x - an uncursed amulet of the gourmand {unknown}
 I - a cursed ring of teleportation {unknown}
Scrolls
 e - 3 scrolls of remove curse {unknown}
 f - 2 scrolls of teleportation {unknown}
 h - 4 scrolls of identify {unknown}
 i - 2 scrolls of amnesia {unknown}
 m - a scroll of recharging {unknown}
 n - 2 scrolls of fog {unknown}
 p - 2 scrolls of magic mapping {unknown}
 A - 2 scrolls of fear {unknown}
 F - a scroll of random uselessness {unknown}
Potions
 g - a potion of heal wounds {unknown}
 q - 2 potions of lignification {unknown}
 r - a potion of agility
 u - a potion of flight {unknown}
 L - a potion of curing {unknown}
Books
 G - a book of Callings

   Spells                             Type                      Level
   a - Summon Small Mammal            Summoning                    1
   b - Call Imp                       Summoning                    2
   c - Call Canine Familiar           Summoning                    3
   d - Summon Guardian Golem          Hexes/Summoning              3
   e - Summon Lightning Spire         Summoning/Air                4
   f - Summon Ice Beast               Ice/Summoning                4
Comestibles
 c - 3 bread rations
 l - a beef jerky
 E - a meat ration
 M - a chunk of flesh


   Skills:
 * Level 1.9 Short Blades
 * Level 0.4 Slings
 * Level 2.0 Armour
 * Level 3.4 Dodging
 + Level 3.0 Stealth
 - Level 1.5 Spellcasting
 - Level 3.2 Summonings


You had 3 spell levels left.
You knew the following spells:

 Your Spells              Type           Power        Failure   Level  Hunger
a - Summon Small Mammal   Summ           #...         10%         1    ##.....
b - Call Imp              Summ           #.......     12%         2    ###....


Dungeon Overview and Level Annotations

Branches:
Dungeon (3/15)

Altars:

Annotations:
D:1 1 exclusion
D:3 Crazy Yiuf


Innate Abilities, Weirdness & Mutations

You are small and have problems with some larger weapons.
You are somewhat resistant to further mutation.


Message History

Your crimson imp dies!
Crazy Yiuf says, "Crazy?
Crazy!?
PORCUPINE!"
Crazy Yiuf screams, "Ten testudinal bag!"
Casting: Call Imp
Confirm with . or Enter, or press ? or * to list all spells.
A beastly little devil appears in a puff of frigid air.
You swap places.
Your white imp gestures at Crazy Yiuf.
The puff of frost misses Crazy Yiuf.
Firing (i - inventory. (,) - cycle):
s - 26 sling bullets (quivered)
Press: ? - help, Shift-Dir - straight line, f/p - Crazy Yiuf
Aim: Crazy Yiuf, wielding a quarterstaff of chaos and wearing a cloak (moderately wounded)
You shoot a sling bullet.
The sling bullet closely misses Crazy Yiuf.
Crazy Yiuf hits your white imp with a quarterstaff of chaos!
Your white imp dies!
Crazy Yiuf whimpers, "Dawk fast pizzabubble!"
Crazy Yiuf hits you with a quarterstaff of chaos!
Ouch! That really hurt!
You die...

#.##.............#########.#
#.##.###.###.##............#
#........# #.###.###########
####.#######.# #.#
#.........# #.#
############## #.# ........#
#.# ........# #.#
........### #.# ..........#
###.# ........#.#
##.#@########## ........#.#
#...g.........# ........#.#
##.....######.#
........#.####....## #.#
#.###.###....(.#.## #.#
#.###.###.######.# #.#
#.........# #.# #.#
#####.##### ### ### #.#
#####g## ##♣♣♣♣♣ .......##
###...♣.♣♣♣ ###


You could see Crazy Yiuf.

Vanquished Creatures
  A worm (D:3)
  A ball python (D:2)
  5 giant cockroaches
  3 goblins
  A hobgoblin (D:2)
  2 jackals (D:3)
  4 kobolds (D:3)
  2 quokkas (D:3)
  6 frilled lizards
  6 rats
31 creatures vanquished.

Vanquished Creatures (collateral kills)
  4 gnolls (D:2)
  An ooze (D:1)
  A worm (D:2)
  2 dart slugs
  A leopard gecko (D:2)
  2 orcs (D:3)
  A giant cockroach (D:2)
  7 goblins
  4 hobgoblins
  5 jackals
  6 kobolds
  A bat (D:2)
  2 frilled lizards
  2 rats
39 creatures vanquished.

Grand Total: 70 creatures vanquished

Notes
Turn   | Place    | Note
-------+----------+-------------------------------------------
     0 | D:1      | CALLOUS the Halfling Summoner began the quest for the Orb.
     0 | D:1      | Reached XP level 1. HP: 11/11 MP: 3/3
   242 | D:1      | Reached XP level 2. HP: 17/17 MP: 0/4
   246 | D:1      | Learned a level 2 spell: Call Imp
   337 | D:1      | Reached skill level 1 in Armour
   828 | D:2      | Reached XP level 3. HP: 19/21 MP: 2/5
  1310 | D:2      | Reached skill level 1 in Short Blades
  2277 | D:2      | Reached XP level 4. HP: 27/27 MP: 1/6
  3770 | D:3      | Found a runed door.
  4351 | D:3      | Noticed Crazy Yiuf
  4418 | D:3      | Mangled by Crazy Yiuf

Skill      XL: |  1  2  3  4 |
---------------+-------------+-----
Armour         | 1 2 |  2.0
Short Blades   | 1 |  1.9
Dodging        | 3 |  3.4
Stealth        | 3 |  3.0
Slings         | |  0.4
Spellcasting   | |  1.5
Summonings     | |  3.2

Action                   |  1- 3 |  4- 6 || total
-------------------------+-------+-------++-------
Melee: Unarmed           |    50 |    48 ||    98
       Dagger            |       |    44 ||    44
 Fire: Hunting sling     |       |    24 ||    24
Throw: Stone             |   110 |    40 ||   150
 Cast: Summon Small Mamm |     8 |       ||     8
       Call Imp          |    29 |    12 ||    41
 Stab: Sleeping          |     1 |       ||     1
  Eat: Chunk             |     7 |     7 ||    14
Armor: Robe              |    10 |    12 ||    22
Dodge: Dodged            |    38 |    71 ||   109
